 Dungeon Crawl Stone Soup version 0.19.0 (webtiles) character file.

163 Ropoloid1 the Poker (level 5, -8/49 HPs)
             Began as a Naga Berserker on Nov 2, 2016.
             Was a Believer of Trog.
             Mangled by a killer bee (9 damage)
             ... on level 3 of the Dungeon.
             The game lasted 00:08:30 (3287 turns).

Ropoloid1 the Poker (Naga Berserker)                Turns: 3287, Time: 00:08:31

Health: -8/49      AC:  2    Str: 20    XL:     5   Next: 44%
Magic:  5/5        EV: 10    Int:  8    God:    Trog [**....]
Gold:   157        SH:  0    Dex: 10    Spells: 0 memorised, 4 levels left

rFire  . . .     SeeInvis +     a - +0 spear
rCold  + . .     Gourm    .     b - +0 animal skin
rNeg   . . .     Faith    .     (no shield)
rPois  +         Spirit   .     (no helmet)
rElec  .         Reflect  .     (no cloak)
rCorr  .         Harm     .     (no gloves)
MR     .....                    (no barding)
Stlth  +.........               (no amulet)
                                (no ring)
                                m - ring of protection from cold

@: lethally poisoned (-8 -> -10), exhausted, slowed, very slow
A: see invisible, deformed body, poison resistance, slowness 2, slow metabolism
1, spit poison 1, AC +1
a: Spit Poison, Berserk, Trog's Hand, Burn Spellbooks, Renounce Religion


You were on level 3 of the Dungeon.
You worshipped Trog.
Trog was pleased with you.
You were very hungry.

You visited 1 branch of the dungeon, and saw 3 of its levels.

You collected 157 gold pieces.

Inventory:

Hand Weapons
 a - a +0 spear (weapon)
Missiles
 d - 72 arrows
Armour
 b - a +0 animal skin (worn)
Jewellery
 m - a ring of protection from cold (left hand)
 o - an uncursed ring of poison resistance {unknown}
 u - an uncursed ring of stealth {unknown}
Scrolls
 f - 2 scrolls of identify {unknown}
 h - a scroll of teleportation {unknown}
 j - 3 scrolls of immolation {unknown}
 p - a scroll of fear {unknown}
 q - 5 scrolls of remove curse {unknown}
 s - a scroll of enchant armour {unknown}
 w - a scroll of fog {unknown}
Potions
 e - 3 potions of curing {unknown}
 i - a potion of cure mutation {unknown}
 k - a potion of brilliance {unknown}
 l - a potion of beneficial mutation {unknown}
 t - a potion of resistance {unknown}
 v - 2 potions of cancellation {unknown}
Comestibles
 c - 4 bread rations
 g - a slice of pizza
 n - a meat ration
 r - 3 fruits
 x - a chunk of flesh


   Skills:
 - Level 3.0 Fighting
 + Level 6.0 Polearms
 - Level 1.5 Armour
 - Level 1.5 Dodging


You had 4 spell levels left.
You didn't know any spells.

Dungeon Overview and Level Annotations

Branches:
Dungeon (3/15)

Altars:
Trog


Innate Abilities, Weirdness & Mutations

You cannot wear boots.
Your serpentine skin is tough. (AC +1)
You have supernaturally acute eyesight. (SInv)
Armour fits poorly on your strangely shaped body.
Your system is resistant to poisons. (rPois)
You cover ground very slowly.
You have a slow metabolism.
You can spit poison.


Message History

The killer bee buzzes angrily.
The killer bee stings you! The killer bee barely misses you.
The killer bee stings you! The killer bee barely misses you. x2
You feel a strong urge to attack something.
The killer bee stings you.
You are poisoned.
The killer bee poisons you! The killer bee stings you.
You are no longer berserk.
You are exhausted.
You feel yourself slow down.
You feel sick. The killer bee misses you. The killer bee barely misses you.
The killer bee stings you!
* * * LOW HITPOINT WARNING * * *
You feel sick. The killer bee stings you.
* * * LOW HITPOINT WARNING * * *
The killer bee closely misses you.
A killer bee comes into view.
The killer bee stings you!
* * * LOW HITPOINT WARNING * * *
The killer bee stings you!
You die...

#.#.##.##.# #.# #.
#.........# #.# #.
###. #.##.# #.# #.
#.#..# #.#####. #.#
#....##. #.#
####.##.
###.###########...#.
#...............#...
#.#@###########...##
#.#y## ##.## #.yyK##
#.# #.yy..# #.#
######....# #.#
#yy....!#.# #.#
#.#######.# #.# .#
#.# .# #.#


You could see 5 killer bees and a kobold.

Vanquished Creatures
  Jessica (D:2)
  A gnoll (D:1)
  3 adders
  2 oozes
  4 worms
  3 leopard geckos
  4 giant cockroaches
  11 goblins
  6 hobgoblins
  9 jackals
  5 kobolds
  12 bats
  6 frilled lizards
  9 rats
76 creatures vanquished.

Notes
Turn   | Place    | Note
-------+----------+-------------------------------------------
     0 | D:1      | Ropoloid1 the Naga Berserker began the quest for the Orb.
     0 | D:1      | Reached XP level 1. HP: 21/21 MP: 1/1
    70 | D:1      | Reached XP level 2. HP: 27/28 MP: 2/2
   467 | D:1      | Reached skill level 4 in Polearms
   467 | D:1      | Reached XP level 3. HP: 16/34 MP: 3/3
   856 | D:1      | Reached ** piety under Trog
  1574 | D:2      | Reached XP level 4. HP: 33/42 MP: 4/4
  1830 | D:2      | Reached skill level 5 in Polearms
  2098 | D:2      | Found a bloodstained altar of Trog.
  2281 | D:2      | Noticed Jessica
  2288 | D:2      | Killed Jessica
  2480 | D:2      | Reached XP level 5. HP: 48/49 MP: 5/5
  3271 | D:3      | Reached skill level 6 in Polearms
  3287 | D:3      | HP: 1/49 [killer bee (10)]
  3287 | D:3      | Mangled by a killer bee

Skill      XL: |  1  2  3  4  5 |
---------------+----------------+-----
Polearms       | 4 5 6 |  6.0
Fighting       | |  3.0
Armour         | |  1.5
Dodging        | |  1.5

Action                   |  1- 3 |  4- 6 || total
-------------------------+-------+-------++-------
Melee: Spear             |   165 |   173 ||   338
Invok: Berserk           |     6 |     5 ||    11
       Trog's Hand       |     1 |       ||     1
 Stab: Sleeping          |     1 |       ||     1
  Eat: Chunk             |     6 |     8 ||    14
       Fruit             |       |     1 ||     1
Armor: Animal skin       |    48 |    27 ||    75
Dodge: Dodged            |   125 |    73 ||   198
